 Dungeon Crawl Stone Soup version 0.28.0-43-g3370ac3207 (webtiles) character file.

Game seed: 4233080415468578129

54 rel the Skirmisher (level 3, -4/49 HPs)
             Began as a Draconian Berserker on Mar 21, 2022.
             Was a Follower of Trog.
             Splashed by a jelly's acid (10 damage)
             ... on level 2 of the Dungeon.
             The game lasted 00:03:47 (1580 turns).

rel the Skirmisher (Draconian Berserker)            Turns: 1580, Time: 00:03:48

Health: -4/49      AC: -7    Str: 19    XL:     3   Next: 66%
Magic:  3/3        EV: 12    Int:  9    God:    Trog [*.....]
Gold:   70         SH:  0    Dex: 10    Spells: 2/2 levels left

rFire   . . .      SeeInvis .   a - +0 hand axe
rCold   . . .      Faith    .   (no shield)
rNeg    . . .      Spirit   .   (armour unavailable)
rPois   .          Reflect  .   (helmet restricted)
rElec   .          Harm     .   (no cloak)
rCorr   .          Rampage  .   (no gloves)
Will    .....                   (no boots)
Stlth   ..........              (no amulet)
HPRegen 0.16/turn               (no ring)
MPRegen 0.08/turn               (no ring)

@: berserking, corroded, very quick
A: AC +5, unfitting armour, cold-blooded
a: Renounce Religion, Berserk


You were on level 2 of the Dungeon.
You worshipped Trog.
Trog was aware of your devotion.
You visited 1 branch of the dungeon, and saw 2 of its levels.

You collected 70 gold pieces.

Inventory:

Hand Weapons
 a - a +0 hand axe (weapon)
Wands
 d - a wand of digging (4)
Scrolls
 b - a scroll of enchant armour {unknown}
 c - a scroll of noise {unknown}
 e - a scroll of immolation {unknown}


   Skills:
 * Level 4.1 Fighting
 + Level 3.6 Axes
 + Level 3.2 Dodging


You had 2 spell levels left.
You didn't know any spells.
Your spell library was empty.

Dungeon Overview and Level Annotations

Branches:
Dungeon (2/15)

Altars:
Fedhas

Shops:
D:2 !


Innate Abilities, Weirdness & Mutations

Your plain brown scales are hard. (AC +5)
You cannot fit into any form of body armour.
You are cold-blooded and may be slowed by cold attacks.


Message History

The adder bites you but does no damage. The rat bites you but does no damage.
You hit the adder.
Your tail-slap misses the adder.
The adder is heavily wounded.
You closely miss the rat. You hit the jelly.
Your hands burn!
The adder bites you but does no damage. The jelly barely misses you.
The rat barely misses you. The adder bites you.
You are poisoned.
The adder poisons you!
You miss the adder.
The adder is heavily wounded.
You hit the jelly. The acid corrodes you!
Your hands burn!
You hit the rat.
You kill the rat!
Trog accepts your kill.
You feel sick. The adder bites you. The jelly hits you.
You are splashed with acid!
You fail to use your ability.
You feel sick. The adder misses you. The jelly barely misses you.
The adder barely misses you.
You hit the adder.
The adder is almost dead.
You barely miss the jelly.
You feel sick. The jelly closely misses you. The adder closely misses you.
A red film seems to cover your vision as you go berserk!
You feel yourself moving faster!
You feel mighty!
You feel sick. The jelly barely misses you. The adder barely misses you.
You hit the adder.
You kill the adder!
Trog accepts your kill.
You slash the jelly! The acid corrodes you!
Your hands burn!
* * * LOW HITPOINT WARNING * * *
You feel sick. The jelly barely misses you.
You hit the jelly but do no damage. The acid corrodes you!
Your hands burn!
* * * LOW HITPOINT WARNING * * *
You tail-slap the jelly, but do no damage.
The jelly is severely wounded.
You feel sick.
You are no longer poisoned.
The jelly hits you.
* * * LOW HITPOINT WARNING * * *
The acid corrodes you!
You are splashed with acid!
You die...

#.####
###...###..#
#.######...###
#.##
.........###
#.# .......###
#.# ......##
#.# #####.#
#.# #.#
#####.#####
#.#
#.........#
#..
#....@†...#
#.#
#....J....#
###
#.........#
.......!....#
.##.........#
#.........#
###########


You could see a jelly.

Vanquished Creatures
  2 adders (D:2)
  A worm (D:2)
  A dart slug (D:2)
  2 bats
  3 endoplasms
  4 giant cockroaches
  4 goblins
  2 hobgoblins (D:2)
  3 jackals (D:1)
  A kobold (D:1)
  2 ball pythons
  A frilled lizard (D:2)
  2 rats
28 creatures vanquished.

Notes
Turn   | Place    | Note
-------+----------+-------------------------------------------
     0 | D:1      | rel the Draconian Berserker began the quest for the Orb.
     0 | D:1      | Reached XP level 1. HP: 19/19 MP: 1/1
   275 | D:1      | Reached XP level 2. HP: 16/26 MP: 2/2
   769 | D:1      | Found a blossoming altar of Fedhas.
   863 | D:2      | Found Fygeih's Distillery.
  1191 | D:2      | Reached skill level 4 in Fighting
  1191 | D:2      | Reached XP level 3. HP: 16/33 MP: 3/3
  1580 | D:2      | Splashed by a jelly's acid

Illustrated notes

Levels and vault maps discovered:
D:1:      elethiomel_arrival_quiet, layout_basic, minivault_4,
          kennysheep_another_room, kennysheep_flooded_box
D:2:      layout_rooms, serial_shops, nicolae_shop_stone, serial_corexii_hall,
          corexii_hall_statues_deadend, chequers_hall_statues_corner_a

Skill      XL: |  1  2 |
---------------+-------+-----
Dodging        | 3 |  3.2
Fighting       | 4 |  4.1
Axes           | |  3.6

Action                   || total
-------------------------++-------
Melee: Hand axe          ||    96
       Tailslap          ||     7
       Punch             ||     2
Invok: Berserk           ||     3
 Stab: Sleeping          ||     1
Armor: Skin              ||    29
Dodge: Dodged            ||    78
